 Dungeon Crawl Stone Soup version 0.20.1-1-g8b1a95d66d (webtiles) character file.

6944 NullDivider the Covert (level 11, -2/74 HPs)
             Began as an Octopode Artificer on Dec 4, 2017.
             Was a Believer of Nemelex Xobeh.
             Shot with an arrow by a centaur (14 damage)
             ... on level 7 of the Dungeon on Dec 5, 2017.
             The game lasted 00:50:56 (12445 turns).

NullDivider the Covert (Octopode Artificer)        Turns: 12445, Time: 00:50:56

Health: -2/74      AC:  1    Str: 11    XL:     11   Next: 7%
Magic:  21/26      EV: 18    Int: 13    God:    Nemelex Xobeh [**....]
Gold:   361        SH:  0    Dex: 18    Spells: 10/10 levels left

rFire    . . .     SeeInvis .   O - +0 dagger (elec)
rCold    . . .     Gourm    .   (no shield)
rNeg     . . .     Faith    .   (helmet restricted)
rPois    .         Spirit   .   (no amulet)
rElec    .         Reflect  .   x - +3 ring of dexterity
rCorr    .         Harm     .   s - ring of protection from magic
MR       +....     Clarity  +   z - ring of flight
Stlth    +++++++...             L - ring of magical power
Regen    0.3/turn               (no ring)
MPRegen  0.2/turn               (no ring)
                                (no ring)
                                (no ring)

@: no status effects
A: almost no armour, stealthy swim, amphibious, 8 rings, constrict 8, camouflage
2, clarity, dopey 1, mutation resistance 1, sense surroundings 1, gelatinous
body 1, no potion heal 1, MP-powered wands
a: Renounce Religion, Evoke Flight


You were on level 7 of the Dungeon.
You worshipped Nemelex Xobeh.
Nemelex Xobeh was pleased with you.
You were not hungry.

You visited 2 branches of the dungeon, and saw 10 of its levels.
You also visited: Sewer.

You collected 361 gold pieces.

Inventory:

Hand Weapons
 h - a +0 short sword of venom
 J - a +3 dagger
 O - a +0 dagger of electrocution (weapon)
 X - a +1 dagger of speed
Armour
 y - a +0 shield
Jewellery
 s - a ring of protection from magic (right tentacle)
 x - a +3 ring of dexterity (left tentacle)
 z - a ring of flight (on tentacle)
 L - a ring of magical power (on tentacle)
Wands
 b - a wand of flame (12/48)
 c - a wand of enslavement (4/24)
 d - a wand of random effects (5/48)
 B - a wand of paralysis (14/24)
 D - a wand of flame (17/48)
 N - a wand of polymorph (8/24)
 P - a wand of lightning (8/15)
 T - a wand of paralysis (7/24)
Scrolls
 e - 7 scrolls of teleportation
 i - a scroll of fog {unknown}
 j - 2 scrolls of magic mapping {unknown}
 k - a scroll of noise {unknown}
 m - 8 scrolls of remove curse
 n - 10 scrolls of identify
 p - 2 scrolls of recharging {unknown}
 q - a scroll of fear {unknown}
 t - a scroll of enchant weapon {unknown}
 C - a scroll of brand weapon {unknown}
 I - 2 scrolls of immolation {unknown}
 R - 2 scrolls of enchant armour {unknown}
 V - 2 scrolls of amnesia {unknown}
 W - a scroll of blinking {unknown}
Potions
 a - a potion of resistance {unknown}
 g - 4 potions of degeneration {unknown}
 l - 2 potions of cancellation {unknown}
 r - 11 potions of heal wounds {unknown}
 v - 2 potions of flight {unknown}
 w - 2 potions of lignification {unknown}
 E - a potion of brilliance {unknown}
 F - 2 potions of might {unknown}
 G - 3 potions of curing {unknown}
 H - 3 potions of agility {unknown}
Books
 S - a book of Changes

   Spells                             Type                      Level
   a - Beastly Appendage              Transmutation                1
   b - Sticks to Snakes               Transmutation                2
   c - Spider Form                    Transmutation/Poison         3
   d - Ice Form                       Ice/Transmutation            4
   e - Blade Hands                    Transmutation                5
Miscellaneous
 K - a plain deck of escape {drawn: 3}
 M - an ornate deck of escape {drawn: 1}
 Q - a plain deck of destruction {drawn: 3}
 U - a plain deck of destruction
 Y - an ornate deck of destruction
Comestibles
 f - 9 bread rations
 o - 11 fruits
 u - 4 meat rations
 A - 10 royal jellies
 Z - 6 chunks of flesh


   Skills:
 + Level 6.9 Fighting
 + Level 7.1 Short Blades
 + Level 7.3 Dodging
 + Level 12.3 Stealth
 + Level 8.6 Evocations


You had 10 spell levels left.
You didn't know any spells.

Dungeon Overview and Level Annotations

Branches:
Dungeon (9/15)             Temple (1/1) D:6             Orc (0/2) D:9
   Lair: D:8-11

Altars:
Ashenzari
Cheibriados
Dithmenos
Elyvilon
Fedhas
Gozag
Hepliaklqana
Kikubaaqudgha
Makhleb
Nemelex Xobeh
Okawaru
Qazlal
Ru
Sif Muna
Trog
Uskayaw
Vehumet
Xom
Yredelemnul
Zin
The Shining One

Shops:
D:9 [


Innate Abilities, Weirdness & Mutations

You cannot wear most types of armour.
You are very stealthy in the water. (Stealth+)
You are amphibious.
You can wear up to eight rings at the same time.
You can use your tentacles to constrict eight enemies at once.
Your skin blends seamlessly with your surroundings (Stealth++).
Your rubbery body absorbs attacks. (AC +1, EV +1)
You possess an exceptional clarity of mind.
You are dopey. (Int -2)
You are somewhat resistant to further mutation.
You passively map a small area around you.
Potions are less effective at restoring your health.
You expend magic power (3 MP) to strengthen your wands.


Message History

Press: ? - help, Shift-Dir - straight line, f/p - centaur
Aim: a centaur (chance to defeat MR: 76%)
The centaur struggles to resist.
This wand has 4 charges left.
You constrict the bullfrog. The bullfrog barely misses you.
The centaur barely misses you. The bullfrog closely misses you.
The centaur hits you.
* * * LOW HITPOINT WARNING * * *
Evoke which item? (* to show all) (? for menu, Esc to quit)
You draw a card...
It is the Cloud.
Clouds appear around you!
You constrict the bullfrog. The bullfrog hits you.
* * * LOW HITPOINT WARNING * * *
The centaur completely misses you.
You release your grip on the bullfrog.
The centaur wields an uncursed shortbow.
The centaur shoots an arrow.
The arrow misses you. The bullfrog hits you.
* * * LOW HITPOINT WARNING * * *
The centaur shoots an arrow.
The arrow closely misses you.
The centaur shoots an arrow.
The arrow hits you!
You die...
Your body glows slightly and disappears.

##.## # ##<## ###### #
##.## ####....# ###########
##.####.......##
#....[..... #.|##.........#
#.....).... ##...........(#
##......... ##......<.....#
#......... #............##
##........ #.........@.(#
###.....(.
#......§§§F.######.........
#......§c...###.....#...>.(
#......§.§(#.....#####.....
#......§§§.(..#### ##....
##.........#### ###.#
###.......# ### ######..#
#.##


You could see a bullfrog and a centaur.

Vanquished Creatures
  A two-headed ogre (D:9)
  Grinder (D:6)
  Prince Ribbit (D:7)
  2 hornets (D:8)
  A hippogriff (D:9)
  Sigmund (D:6)
  A wyvern (D:8)
  2 orc warriors
  A hungry ghost (D:8)
  Eustachio (D:5)
  Grum (D:9)
  Menkaure (D:5)
  2 soldier ants (D:8)
  5 sky beasts
  2 eyes of draining (D:9)
  5 ogres
  4 centaurs
  A crocodile (D:9)
  3 big kobolds
  4 bullfrogs
  A scorpion (D:7)
  4 wights
  6 howler monkeys
  3 crimson imps
  2 centaur zombies (D:5)
  A bullfrog zombie (D:6)
  7 orc priests
  3 hounds
  10 orc wizards
  2 iguanas
  9 worker ants
  7 gnolls
  15 adders
  4 river rats (Sewer)
  2 shadow imps
  2 oozes
  5 worms
  6 dart slugs
  8 leopard geckos
  37 orcs
  5 ball pythons
  6 giant cockroaches
  3 goblins
  6 hobgoblins
  8 jackals
  31 kobolds
  3 quokkas
  7 bats
  5 frilled lizards
  A leopard gecko zombie (D:3)
  A quokka skeleton (D:9)
  32 rats
282 creatures vanquished.

Vanquished Creatures (collateral kills)
  4 wolves (D:9)
  A big kobold (D:9)
  2 wights (D:7)
  3 orcs
  A jackal (D:7)
  2 kobolds (D:9)
13 creatures vanquished.

Vanquished Creatures (others)
  An ice beast (D:7)
  A human (D:8)
  3 wights
  A worker ant (D:7)
  A jackal (D:7)
7 creatures vanquished.

Grand Total: 302 creatures vanquished

Notes
Turn   | Place    | Note
-------+----------+-------------------------------------------
     0 | D:1      | NullDivider the Octopode Artificer began the quest for the Orb.
     0 | D:1      | Reached XP level 1. HP: 13/13 MP: 3/3
   130 | D:1      | Reached skill level 2 in Stealth
   174 | D:1      | Reached XP level 2. HP: 18/18 MP: 4/4
   709 | D:2      | Reached XP level 3. HP: 23/23 MP: 5/5
   838 | D:2      | Reached skill level 3 in Stealth
  1605 | D:2      | Reached XP level 4. HP: 12/28 MP: 6/6
  2394 | D:3      | Reached skill level 4 in Stealth
  2461 | D:3      | Reached XP level 5. HP: 15/34 MP: 7/7
  3345 | D:4      | Reached skill level 5 in Stealth
  3671 | D:4      | Reached XP level 6. HP: 39/39 MP: 9/9
  4106 | D:4      | Reached skill level 6 in Stealth
  4383 | D:5      | Entered Level 5 of the Dungeon
  4383 | D:5      | Noticed Eustachio
  4387 | D:5      | Killed Eustachio
  4387 | D:5      | Reached XP level 7. HP: 45/45 MP: 10/10
  4394 | D:5      | Noticed Menkaure
  4401 | D:5      | Killed Menkaure
  4471 | D:5      | Reached skill level 7 in Stealth
  4471 | D:5      | Reached skill level 5 in Evocations
  4569 | D:5      | Found a glowing drain.
  4576 | Sewer    | Entered a sewer
  5044 | Sewer    | Reached XP level 8. HP: 46/52 MP: 11/11
  5515 | D:5      | Reached skill level 8 in Stealth
  5519 | D:5      | Gained mutation: Scrolls take you a little longer to read. [mutagenic meat]
  5520 | D:5      | Gained mutation: You are dopey. (Int -2) [mutagenic meat]
  5521 | D:5      | Lost mutation: Scrolls take you a little longer to read. [mutagenic meat]
  5522 | D:5      | Gained mutation: Potions are less effective at restoring your health. [mutagenic meat]
  5523 | D:5      | Gained mutation: You are somewhat resistant to further mutation. [mutagenic meat]
  5832 | D:5      | Gained mutation: You possess an exceptional clarity of mind. [mutagenic meat]
  6379 | D:5      | Reached skill level 9 in Stealth
  6930 | D:6      | Found a staircase to the Ecumenical Temple.
  6939 | Temple   | Entered the Ecumenical Temple
  7033 | Temple   | Became a worshipper of Nemelex Xobeh the Trickster
  7161 | D:6      | Received a gift from Nemelex Xobeh
  7314 | D:6      | Noticed Sigmund
  7321 | D:6      | Reached XP level 9. HP: 38/59 MP: 13/13
  7672 | D:6      | Reached skill level 5 in Dodging
  7676 | D:6      | Gained mutation: You passively map a small area around you. [mutagenic meat]
  7677 | D:6      | Gained mutation: You expend magic power (3 MP) to strengthen your wands. [mutagenic meat]
  7752 | D:6      | Noticed Grinder
  7765 | D:6      | Killed Grinder
  7765 | D:6      | Reached skill level 10 in Stealth
  8006 | D:6      | Received a gift from Nemelex Xobeh
  8073 | D:6      | You fall through a shaft for 2 floors!
  8073 | D:8      | Reached * piety under Nemelex Xobeh
  8296 | D:8      | Gained mutation: Your skin blends seamlessly with your surroundings (Stealth++). [mutagenic meat]
  8456 | D:8      | Reached skill level 5 in Short Blades
  8692 | D:7      | Noticed Prince Ribbit
  8696 | D:7      | Killed Prince Ribbit
  8696 | D:7      | Reached skill level 5 in Fighting
  8751 | D:7      | HP: 3/61 [orc warrior/glaive (15)]
  9091 | D:6      | Killed Sigmund
  9154 | D:6      | Reached skill level 11 in Stealth
  9452 | D:7      | Received a gift from Nemelex Xobeh
  9460 | D:7      | Reached XP level 10. HP: 66/66 MP: 15/15
 10356 | D:8      | Received a gift from Nemelex Xobeh
 10381 | D:8      | Reached ** piety under Nemelex Xobeh
 10632 | D:8      | Found an ancient bone altar of Kikubaaqudgha.
 11214 | D:9      | Noticed a two-headed ogre
 11268 | D:9      | Killed a two-headed ogre
 11268 | D:9      | Reached skill level 12 in Stealth
 11716 | D:9      | Noticed Grum
 11733 | D:9      | Killed Grum
 11781 | D:9      | Received a gift from Nemelex Xobeh
 11802 | D:9      | Reached XP level 11. HP: 74/74 MP: 17/17
 12094 | D:9      | Found Nafeisyl's Armour Shoppe.
 12094 | D:9      | Found a staircase to the Orcish Mines.
 12445 | D:7      | Shot with an arrow by a centaur

Skill      XL: |  1  2  3  4  5  6  7  8  9 10 11 |
---------------+----------------------------------+-----
Stealth        | 2 3 4 5 6 7 9 11 12 | 12.3
Short Blades   | 2 3 4 5 6 7 |  7.1
Fighting       | 2 3 4 5 6 |  6.9
Evocations     | 4 5 7 8 |  8.6
Dodging        | 3 4 5 7 |  7.3

Action                   |  1- 3 |  4- 6 |  7- 9 | 10-12 || total
-------------------------+-------+-------+-------+-------++-------
Melee: Short sword       |    49 |    93 |   158 |       ||   300
       Constrict         |    15 |    20 |    58 |    42 ||   135
       Tentacles         |     9 |    15 |    54 |    54 ||   132
       Dagger            |       |       |   116 |   188 ||   304
Evoke: Wand              |       |       |    10 |    14 ||    24
       Deck              |       |       |     2 |     5 ||     7
  Use: Scroll            |       |     4 |       |       ||     4
 Stab: Sleeping          |     5 |    18 |    43 |    18 ||    84
       Betrayed ally     |       |       |     1 |     1 ||     2
       Confused          |       |       |     1 |       ||     1
       Distracted        |       |       |       |     2 ||     2
       Paralysed         |       |       |       |     2 ||     2
  Eat: Chunk             |     2 |     8 |    29 |    11 ||    50
       Fruit             |       |     1 |       |       ||     1
       Royal jelly       |       |       |     1 |       ||     1
Armor: Skin              |     3 |     2 |     4 |     5 ||    14
Dodge: Dodged            |    17 |    33 |   167 |    97 ||   314
